Map: [ESL] Moondance

Players

Astrea - Winner!

  • Race: Protoss Protoss
  • League: Master
  • Spawn Location: 6:00

ByuN

  • Race: Terran Terran
  • Spawn Location: 12:00

Event: HomeStory Cup XXII

VOD

Have the link to the VOD?

Description

Time

  • Played on: Dec. 18, 2022, 7:52 a.m.
  • Length: 16:11

All games in this series

Show
View Real Time Build Order
Export as new Build Order

Astrea Protoss - Winner!

Build Orders: 1 Gate Expand, Blink Stalkers 

Get SALT Encoding   

  12  0:00  Probe  
  13  0:12  Probe  
  14  0:16  Pylon  
  14  0:24  Probe (Chrono Boost)  
  16  0:36  Gateway, Probe (Chrono Boost)  
  16  0:42  Probe (Chrono Boost)  
  16  0:45  Assimilator  
  17  0:51  Probe  
  18  1:03  Probe  
  19  1:15  Probe  
  20  1:23  Cybernetics Core  
  20  1:31  Nexus  
  20  1:35  Probe  
  21  1:41  Pylon  
  21  1:47  Probe  
  22  1:50  Assimilator  
  22  1:58  Adept (Chrono Boost)  
  22  1:59  Probe  
  25  2:01  Warp Gate  
  24  2:11  Probe  
  25  2:18  Stalker (Chrono Boost)  
  27  2:23  Probe  
  28  2:35  Twilight Council  
  28  2:37  Probe (Chrono Boost)  
  29  2:42  Stalker  
  29  2:43  Probe (Chrono Boost)  
  33  2:53  Probe x2 (Chrono Boost)  
  33  2:58  Probe (Chrono Boost)  
  34  2:59  Probe  
  34  3:01  Gateway  
  36  3:10  Probe, Blink (Chrono Boost)  
  36  3:11  Probe  
  36  3:22  Probe  
  36  3:23  Probe  
  38  3:28  Robotics Facility  
  38  3:31  Gateway  
  38  3:34  Probe  
  38  3:35  Probe  
  40  3:46  Probe, Pylon  
  40  3:48  Probe  
  42  3:53  Stalker  
  42  3:54  Pylon  
  44  3:56  Stalker  
  46  4:04  Probe x2  
  48  4:15  Warp Prism (Chrono Boost)  
  48  4:16  Probe  
  51  4:18  Probe  
  51  4:23  Stalker x2  
  52  4:26  Zealot  
  52  4:28  Probe  
  49  4:44  Pylon  
  49  4:46  Assimilator  
  49  4:47  Stalker x3  
  49  4:49  Observer (Chrono Boost)  
  56  5:09  Gateway  
  56  5:13  Stalker x2  
  60  5:14  Nexus  
  60  5:15  Pylon  
  60  5:25  Probe x2  
  60  5:26  Shield Battery  
  60  5:27  Assimilator  
  56  5:39  Stalker x2  
  56  5:40  Probe  
  56  5:41  Observer  
  59  5:43  Immortal  
  63  5:51  Probe  
  60  5:59  Probe  
  60  6:03  Stalker x2  
  60  6:04  Stalker  
  67  6:05  Probe  
  67  6:11  Probe  
  69  6:17  Probe  
  70  6:21  Dark Shrine  
  70  6:23  Probe  
  70  6:25  Observer  
  71  6:29  Probe  
  71  6:30  Stalker x3  
  76  6:41  Probe (Chrono Boost)  
  76  6:45  Probe x2 (Chrono Boost)  
  76  6:47  Observer  
  79  6:52  Forge  
  79  6:53  Probe (Chrono Boost)  
  80  6:55  Gateway  
  80  6:57  Probe (Chrono Boost)  
  80  6:58  Probe (Chrono Boost)  
  80  7:00  Probe (Chrono Boost)  
  83  7:02  Pylon  
  83  7:03  Probe (Chrono Boost)  
  83  7:08  Pylon  
  84  7:11  Probe  
  84  7:12  Observer  
  84  7:13  Robotics Bay  
  85  7:16  Observer  
  85  7:20  Probe  
  86  7:24  Probe  
  86  7:25  Probe  
  86  7:27  Protoss Ground Weapons Level 1 (Chrono Boost), Pylon  
  88  7:33  Probe  
  88  7:34  Dark Templar x3  
  88  7:36  Probe  
  96  7:43  Shield Battery  
  96  7:44  Pylon  
  96  7:52  Gateway  
  96  7:56  Gateway  
  96  7:57  Colossus (Chrono Boost)  
  96  7:58  Gateway  
  96  8:02  Gateway  
  102  8:07  Dark Templar  
  102  8:14  Zealot x3  
  102  8:16  Gateway  
  102  8:18  Extended Thermal Lance  
  106  8:20  Pylon  
  106  8:40  Zealot x3, Sentry  
  120  8:42  Observer  
  120  8:44  Disruptor (Chrono Boost), Pylon  
  120  8:46  Pylon  
  120  8:48  Zealot  
  117  8:55  Zealot x2  
  117  8:56  Charge (Chrono Boost)  
  117  9:00  Nexus  
  119  9:03  Pylon  
  119  9:09  Shadow Stride, Probe x3  
  122  9:11  Assimilator x2  
  122  9:13  Dark Templar  
  122  9:14  Photon Cannon  
  122  9:15  Stalker  
  124  9:17  Dark Templar  
  124  9:19  Zealot x2  
  130  9:25  Pylon  
  130  9:34  Zealot x5  
  130  9:36  Observer, Protoss Ground Weapons Level 2 (Chrono Boost)  
  140  9:43  Probe x3  
  143  9:48  Observer  
  143  9:54  Observer  
  143  9:55  Probe x3  
  143  9:57  Colossus (Chrono Boost)  
  150  10:05  Pylon  
  150  10:12  Stalker x6  
  161  10:22  Zealot x3  
  161  10:25  Pylon  
  167  10:36  Zealot  
  167  10:38  Zealot x5  
  173  10:55  Disruptor (Chrono Boost)  
  173  11:02  Cybernetics Core  
  174  11:04  Zealot x7  
  144  11:29  Probe x4  
  144  11:30  Disruptor (Chrono Boost), Dark Templar  
  144  11:31  Dark Templar  
  155  11:32  Zealot x3  
  155  11:36  Gateway  
  155  11:39  Gateway  
  161  11:42  Gateway  
  161  11:43  Gateway  
  159  11:53  Robotics Facility  
  157  11:59  Protoss Ground Armor Level 1 (Chrono Boost)  
  157  12:01  Probe x2  
  157  12:03  Disruptor (Chrono Boost)  
  157  12:06  Nexus  
  160  12:10  Pylon  
  161  12:15  Probe x3  
  161  12:22  Zealot x2, Dark Templar, Pylon  
  165  12:23  Zealot x2  
  165  12:24  Pylon  
  165  12:32  Disruptor  
  149  12:52  Pylon  
  149  12:53  Disruptor  
  149  12:54  Stalker x6  
  149  12:55  Stalker x2  
  149  12:56  Pylon  
  160  13:07  Disruptor  
  136  13:25  Probe x3  
  136  13:26  Probe x2  
  141  13:29  Disruptor  
  144  13:34  Dark Templar  
  144  13:35  Dark Templar x7  
  144  13:39  Pylon  
  160  13:43  Disruptor  
  160  13:47  Nexus  
  163  13:51  Forge  
  162  14:02  Photon Cannon  
  162  14:03  Shield Battery  
  162  14:05  Disruptor  
  162  14:09  Zealot x3  
  171  14:10  Zealot x5  
  175  14:34  Stalker x8  
  191  14:38  Disruptor  
  190  14:53  Gateway  
  190  14:54  Gateway  
  190  14:56  Gateway  
  190  14:59  Gateway, Pylon  
  190  15:08  Zealot x5  
  188  15:29  Disruptor  
  193  15:37  Nexus  
  192  15:46  Nexus  
Show
View Real Time Build Order
Export as new Build Order

ByuN Terran 

Build Orders: Cyclone Opening 

Get SALT Encoding   

  12  0:00  SCV  
  13  0:12  SCV  
  14  0:17  Supply Depot  
  14  0:24  SCV  
  15  0:38  SCV  
  15  0:40  Barracks  
  16  0:43  Refinery  
  16  0:50  SCV  
  16  0:52  Refinery  
  17  1:03  SCV  
  18  1:15  SCV  
  19  1:27  Reaper, Orbital Command  
  19  1:28  Supply Depot  
  20  1:40  Factory  
  20  1:52  SCV  
  21  1:59  Barracks Reactor  
  21  2:05  SCV  
  22  2:17  SCV  
  22  2:22  Command Center  
  23  2:25  Factory Tech Lab  
  23  2:29  SCV  
  24  2:36  Marine  
  24  2:37  Marine  
  24  2:42  SCV  
  24  2:43  Cyclone  
  29  2:52  Starport  
  29  2:57  SCV  
  30  3:00  Supply Depot  
  30  3:04  Marine  
  31  3:07  Marine  
  30  3:13  SCV  
  31  3:22  Siege Tank  
  31  3:23  Marine  
  31  3:24  Marine  
  36  3:29  SCV  
  36  3:30  Medivac  
  39  3:44  Supply Depot  
  39  3:56  SCV, Siege Tank, Marine x2  
  39  4:00  Orbital Command  
  45  4:08  SCV  
  46  4:20  SCV  
  47  4:26  SCV  
  47  4:28  Marine  
  48  4:33  SCV  
  48  4:35  Liberator  
  48  4:38  SCV  
  50  4:39  Marine  
  50  4:41  Siege Tank  
  50  4:45  SCV, Marine  
  53  4:48  Supply Depot  
  53  4:50  SCV  
  55  4:54  Supply Depot  
  55  4:57  SCV, Marine  
  57  5:02  SCV  
  57  5:03  Marine  
  56  5:09  SCV  
  56  5:13  Siege Tank  
  60  5:14  SCV  
  60  5:15  Marine  
  60  5:17  Barracks  
  60  5:18  Barracks  
  60  5:19  Starport Tech Lab  
  63  5:21  Marine  
  63  5:25  Refinery  
  63  5:26  Engineering Bay  
  64  5:29  SCV x2  
  64  5:33  Marine  
  65  5:39  Marine  
  65  5:41  SCV  
  65  5:42  SCV  
  65  5:45  Siege Tank  
  66  5:51  Marine  
  66  5:54  SCV, Barracks  
  66  5:55  Terran Infantry Weapons Level 1  
  66  5:57  Barracks, Marine  
  68  6:04  SCV  
  70  6:06  SCV, Refinery  
  70  6:07  Supply Depot, Barracks Tech Lab, Starport Reactor  
  70  6:08  Marine  
  72  6:14  Marine x2  
  72  6:15  Stimpack  
  75  6:18  SCV x2  
  75  6:26  Marine  
  75  6:31  Marauder  
  78  6:33  Marauder  
  78  6:41  Marine  
  78  6:43  Barracks Reactor, Barracks Tech Lab  
  78  6:48  Marine  
  78  6:50  Supply Depot  
  78  6:51  Factory Reactor  
  78  6:53  Marauder  
  83  6:54  Marauder  
  83  6:55  Command Center  
  83  6:57  Combat Shield  
  83  6:58  Marine  
  84  7:02  Supply Depot  
  84  7:03  SCV x2  
  84  7:04  Supply Depot  
  86  7:12  Marauder, Marine  
  86  7:14  Marauder  
  86  7:15  Marine  
  89  7:16  SCV, Missile Turret  
  89  7:23  SCV  
  89  7:25  Marine x2  
  89  7:26  Marine  
  89  7:28  SCV, Medivac  
  89  7:29  Medivac  
  96  7:34  Supply Depot  
  96  7:35  SCV  
  97  7:40  SCV, Marauder x2  
  102  7:54  Concussive Shells  
  102  7:56  SCV, Widow Mine x2, Marine x3  
  102  7:57  Supply Depot  
  110  7:59  SCV, Marine  
  111  8:11  Orbital Command  
  111  8:12  Missile Turret  
  108  8:14  Missile Turret  
  108  8:16  SCV x2  
  108  8:17  Marauder x2  
  108  8:18  Marauder  
  110  8:28  SCV x2, Marine x4  
  115  8:36  Missile Turret  
  115  8:40  SCV x3  
  119  8:41  Marauder x2  
  117  8:51  Marine x4  
  117  8:52  SCV x3  
  122  8:59  Medivac x2  
  124  9:04  SCV x2  
  124  9:05  SCV  
  127  9:16  SCV x2, Terran Infantry Armor Level 1  
  129  9:17  Supply Depot, SCV  
  129  9:18  Supply Depot  
  129  9:22  Marine  
  129  9:23  Marine x2  
  133  9:26  Marauder  
  133  9:29  Medivac x2  
  139  9:33  Marauder  
  141  9:39  Widow Mine x2, Marauder  
  141  9:42  Supply Depot  
  141  9:43  Supply Depot, SCV x2  
  149  9:49  SCV  
  150  9:54  Ghost Academy  
  150  9:58  Marine x4  
  153  10:01  Supply Depot  
  153  10:11  Marauder x2  
  159  10:15  Widow Mine x2  
  159  10:16  Marine x4  
  167  10:33  Liberator x2  
  171  10:36  Widow Mine x2  
  171  10:39  Marauder x3  
  171  10:40  Enhanced Shockwaves  
  180  10:50  Marine  
  180  10:54  Marine x2  
  180  10:56  Refinery x2  
  181  10:57  Marine  
  181  10:58  Supply Depot  
  181  11:04  SCV, Marauder  
  181  11:05  SCV, Widow Mine  
  181  11:06  SCV  
  181  11:07  Widow Mine  
  181  11:08  Marauder  
  171  11:16  SCV  
  171  11:17  SCV, Marauder  
  171  11:18  SCV  
  148  11:25  Marauder  
  141  11:26  Widow Mine  
  141  11:28  SCV  
  141  11:29  SCV, Widow Mine, Ghost  
  141  11:30  SCV  
  150  11:36  Marine x2  
  150  11:37  Marine x2  
  150  11:38  Ghost  
  156  11:40  SCV  
  156  11:41  SCV  
  156  11:42  SCV  
  159  11:52  SCV, Ghost  
  159  11:53  SCV  
  159  11:57  Marine x2  
  159  11:58  Marine x2, Ghost  
  164  12:01  Medivac x2  
  164  12:03  Widow Mine  
  170  12:15  Marauder  
  172  12:19  Marine x3  
  175  12:29  Widow Mine x2  
  179  12:31  Medivac x2  
  174  12:41  Marauder  
  168  12:47  Marine x3  
  168  12:50  Armory  
  153  12:51  Engineering Bay, Marauder x2  
  153  13:01  Medivac x2  
  153  13:03  Marauder  
  147  13:12  Marauder  
  147  13:13  Marauder  
  147  13:16  Marine x2  
  147  13:17  Marine x2  
  114  13:24  Marauder  
  110  13:34  Marauder x2, Marine x3  
  112  13:35  Widow Mine x2, Marine  
  112  13:36  Orbital Command  
  112  13:39  Liberator  
  123  13:43  Liberator  
  123  13:45  Ghost  
  128  13:54  Marine x4, Ghost  
  128  13:55  Ghost  
  136  13:58  Missile Turret  
  133  14:12  Marine x2  
  133  14:13  Ghost  
  133  14:14  SCV x3  
  134  14:21  Missile Turret, Widow Mine x2  
  134  14:23  Ghost x2  
  140  14:37  Marine x4  
  144  14:42  Ghost  
  144  14:45  SCV x3  
  136  14:52  Marauder  
  138  14:57  SCV  
  138  14:59  Marauder  
  139  15:00  Marine x3  
  138  15:11  Marauder  
  138  15:14  Marauder  
  142  15:17  Marine  
  142  15:18  Marine x3  
  142  15:20  Marauder  
  122  15:33  Marauder  
  122  15:35  Marauder, Marine  
  116  15:36  Marine  
  116  15:41  Marauder  
  115  15:49  Marine  
Tags
 
Add a new tag
Caveats
  • Supply blocks, unpowered buildings, or Contaminate may cause inaccurate times.
  • Supply counts are checked every 10 seconds.